 Dungeon Crawl Stone Soup version 0.29.1-12-g30fa7ad0bf (webtiles) character file.

Game seed: 10182370383857877206

60 styxcanada the Sneak (level 3, 0/18 HPs)
             Began as a Spriggan Brigand on Dec 20, 2022.
             Succumbed to a goblin's poison
             ... on level 2 of the Dungeon.
             The game lasted 00:06:21 (1897 turns).

styxcanada the Sneak (Spriggan Brigand)             Turns: 1897, Time: 00:06:21

Health: 0/18       AC:  3    Str:  7    XL:     3   Next: 80%
Magic:  4/4        EV: 17    Int: 12    God:
Gold:   31         SH:  0    Dex: 18    Spells: 2/2 levels left

rFire   . . .      SeeInvis +   a - +2 dagger
rCold   . . .      Faith    .   (no shield)
rNeg    . . .      Spirit   .   b - +0 robe
rPois   .          Reflect  .   (helmet restricted)
rElec   .          Harm     .   c - +0 cloak
rCorr   .          Rampage  .   (gloves unavailable)
Will    .....                   (boots unavailable)
Stlth   ++++......              (no amulet)
HPRegen 0.06/turn               (no ring)
MPRegen 0.09/turn               (no ring)

@: mighty, lethally poisoned (0 -> -8), very quick
A: very small, no large weapons, unfitting armour, see invisible, speed 3
a: no special abilities


You were on level 2 of the Dungeon.
You visited 1 branch of the dungeon, and saw 2 of its levels.

You collected 31 gold pieces.

Inventory:

Hand Weapons
 a - a +2 dagger (weapon)
Missiles
 d - 9 poisoned darts (quivered)
 e - 3 curare-tipped darts
 k - 8 stones
Armour
 b - a +0 robe (worn)
 c - a +0 cloak (worn)
Scrolls
 f - a scroll of noise {unknown}
 g - a scroll of immolation {unknown}
 j - a scroll of poison {unknown}
 n - a scroll of amnesia {unknown}
Potions
 h - a potion of might
 i - a potion of heal wounds {unknown}
 l - a potion of haste {unknown}
 m - a potion of magic {unknown}


   Skills:
 * Level 2.0 Fighting
 + Level 2.3 Short Blades
 + Level 2.0 Throwing
 * Level 1.8 Dodging
 * Level 7.6 Stealth
 * Level 0.2 Spellcasting


You had 2 spell levels left.
You didn't know any spells.
Your spell library contained the following spells:

 Spells                   Type           Power      Damage    Failure   Level
 Ensorcelled Hibernation  Hex/Ice        0%         N/A       45%         2
 Passwall                 Tmut/Erth      0%         N/A       45%         2
 Swiftness                Air            0%         N/A       69%         3


Dungeon Overview and Level Annotations

Branches:
Dungeon (2/15)

Altars:


Innate Abilities, Weirdness & Mutations

You are very small and have problems with some larger weapons.
You are too small for most types of armour.
You have supernaturally acute eyesight. (SInv)
You cover ground extremely quickly. (Speed+++)


Message History

You miss the goblin. The goblin hits you but does no damage.
You hit the goblin.
The goblin is severely wounded.
You hit the goblin.
You kill the goblin!
You hit the goblin.
The goblin is severely wounded.
The goblin misses you.
You barely miss the goblin.
The goblin is severely wounded.
The goblin barely misses you.
You hit the goblin.
You kill the goblin!
You hit the goblin.
The goblin is heavily wounded.
The goblin hits you but does no damage.
You hit the goblin.
You kill the goblin!
You barely miss the goblin.
The goblin hits you with a +2 dagger of venom.
You are poisoned.
You barely miss the goblin.
You feel sick. The goblin closely misses you.
You hit the goblin but do no damage.
You feel sick.
The goblin hits you with a +2 dagger of venom.
You are lethally poisoned!
You hit the goblin.
The goblin is severely wounded.
You feel very sick.
You closely miss the goblin.
The goblin is severely wounded.
* * * LOW HITPOINT WARNING * * *
You feel very sick. The goblin hits you but does no damage.
You hit the goblin.
You kill the goblin!
* * * LOW HITPOINT WARNING * * *
You feel sick.
It was a potion of might.
You feel very mighty all of a sudden.
You die...

[# ###....#
.#####
#...###
.#.....
##.>...
###...# #..
#.####
##....#
#.###.#...
#...^.
.#...#.#...
#...### '##
#...####
#..##.#...#
##....).
#..@).)...+
#.#####
##.##.#...#
##.# #..###
+####..#
##...#
#...##
###.##
##.###
#..###..#
##.....##
#######


There were no monsters in sight!

Vanquished Creatures
  3 ball pythons
  5 bats
  7 endoplasms
  4 giant cockroaches
  10 goblins
  3 hobgoblins
  2 jackals (D:2)
  2 quokkas
  4 frilled lizards
  2 kobolds (D:2)
  11 rats
53 creatures vanquished.

Notes
Turn   | Place    | Note
-------+----------+-------------------------------------------
     0 | D:1      | styxcanada the Spriggan Brigand began the quest for the
                  | Orb.
     0 | D:1      | Reached XP level 1. HP: 10/10 MP: 2/2
    52 | D:1      | Reached skill level 6 in Stealth
   255 | D:1      | Reached XP level 2. HP: 15/15 MP: 3/3
   949 | D:1      | Reached skill level 7 in Stealth
   951 | D:1      | Reached XP level 3. HP: 15/18 MP: 4/4
  1897 | D:2      | Succumbed to a goblin's poison

Illustrated notes

Levels and vault maps discovered:
D:1:      scummos_arrival_hexagon, layout_basic, minivault_4,
          minmay_indecisive_spiral
D:2:      cheibrodos_greedy_goblins, layout_basic

Skill      XL: |  1  2 |
---------------+-------+-----
Stealth        | 6 7 |  7.6
Fighting       | 2 |  2.0
Short Blades   | |  2.3
Throwing       | |  2.0
Dodging        | |  1.8
Spellcasting   | |  0.2

Action                   || total
-------------------------++-------
Melee: Dagger            ||   137
       Punch             ||     1
Throw: Dart              ||     4
  Use: Potion            ||     1
 Stab: Sleeping          ||    14
Armor: Robe              ||    23
Dodge: Dodged            ||    89
